Map: Submarine LE

Players

Neeb - Winner!

  • Race: Protoss Protoss
  • Spawn Location: 11:00

Astrea

  • Race: Protoss Protoss
  • Spawn Location: 5:00

Event: DreamHack SC2 Masters 2020 Summer North America

VOD

Have the link to the VOD?

Description

Time

  • Played on: July 8, 2020, 5:14 p.m.
  • Length: 11:03

All games in this series

Show
View Real Time Build Order
Export as new Build Order

Neeb Protoss - Winner!

Build Orders: Oracle Opening 

Get SALT Encoding   

  12  0:00  Probe  
  13  0:13  Probe  
  14  0:17  Pylon  
  14  0:23  Probe  
  15  0:31  Probe  
  15  0:37  Gateway  
  15  0:40  Probe  
  16  0:46  Assimilator  
  17  0:51  Probe  
  18  0:59  Assimilator  
  18  1:00  Probe  
  19  1:08  Probe  
  19  1:10  Gateway  
  19  1:17  Probe  
  21  1:27  Cybernetics Core  
  21  1:29  Probe  
  22  1:37  Pylon  
  22  1:41  Probe  
  23  1:55  Probe  
  24  2:03  Stalker x2, Warp Gate  
  28  2:12  Pylon  
  28  2:18  Probe  
  29  2:33  Stalker x2  
  33  2:37  Probe  
  34  2:44  Stargate  
  34  3:00  Shield Battery  
  33  3:09  Probe  
  33  3:19  Nexus  
  33  3:20  Probe  
  33  3:21  Oracle, Shield Battery  
  34  3:30  Probe  
  38  3:41  Pylon  
  38  3:43  Probe  
  39  3:54  Robotics Facility  
  37  4:01  Oracle  
  40  4:05  Probe  
  41  4:17  Probe  
  42  4:25  Sentry  
  42  4:27  Shield Battery  
  42  4:29  Probe  
  45  4:33  Probe  
  45  4:36  Immortal  
  45  4:37  Stalker  
  45  4:47  Probe  
  45  4:50  Probe  
  51  4:58  Stalker  
  53  5:01  Shield Battery  
  53  5:03  Adept  
  55  5:08  Probe  
  55  5:10  Shield Battery  
  55  5:11  Probe  
  57  5:19  Warp Prism  
  58  5:30  Pylon  
  54  5:48  Probe x2  
  55  5:50  Pylon  
  53  5:57  Immortal  
  53  6:00  Probe  
  53  6:02  Probe  
  55  6:08  Sentry x2  
  59  6:12  Shield Battery  
  59  6:13  Probe  
  60  6:19  Probe  
  61  6:26  Probe  
  62  6:37  Gateway  
  62  6:40  Pylon  
  62  6:43  Pylon  
  62  6:51  Immortal, Pylon  
  62  6:54  Robotics Bay  
  62  7:01  Probe  
  67  7:04  Probe  
  68  7:09  Sentry  
  68  7:11  Stalker  
  68  7:13  Assimilator, Probe  
  73  7:16  Probe  
  73  7:18  Assimilator  
  74  7:23  Gateway  
  74  7:25  Probe  
  74  7:26  Pylon  
  75  7:36  Disruptor  
  75  7:38  Shield Battery  
  75  7:45  Pylon  
  75  7:49  Pylon  
  75  7:51  Stalker x2  
  80  7:56  Shield Battery  
  82  8:01  Pylon  
  82  8:06  Gateway  
  82  8:12  Disruptor  
  82  8:19  Stalker x2  
  89  8:46  Stalker x3  
  89  8:48  Colossus  
  101  9:01  Twilight Council  
  101  9:05  Forge  
  96  9:36  Stalker x3  
  100  9:40  Probe x2  
  103  9:51  Observer  
Show
View Real Time Build Order
Export as new Build Order

Astrea Protoss 

Build Orders:  

Get SALT Encoding   

  12  0:00  Probe  
  13  0:13  Probe  
  14  0:17  Pylon  
  14  0:23  Probe  
  15  0:31  Probe  
  16  0:37  Gateway  
  16  0:39  Probe  
  16  0:46  Assimilator  
  17  0:51  Probe  
  17  0:54  Assimilator  
  18  0:59  Probe  
  19  1:07  Gateway, Probe  
  19  1:17  Probe  
  20  1:23  Cybernetics Core  
  21  1:29  Probe  
  22  1:37  Pylon  
  22  1:41  Probe  
  23  1:55  Probe  
  23  1:59  Adept x2  
  23  2:00  Warp Gate  
  28  2:07  Probe  
  29  2:09  Pylon  
  29  2:23  Robotics Facility  
  29  2:33  Sentry  
  31  2:40  Sentry  
  32  2:48  Nexus  
  32  3:03  Sentry  
  34  3:06  Immortal  
  36  3:17  Pylon  
  38  3:31  Probe  
  39  3:44  Pylon  
  39  3:46  Pylon  
  39  3:50  Warp Prism  
  39  4:02  Stalker x2  
  45  4:09  Shield Battery  
  45  4:16  Probe x2  
  41  4:27  Sentry x2  
  43  4:39  Probe x2  
  43  4:43  Observer  
  46  4:51  Probe x2  
  46  4:52  Adept x2  
  52  5:02  Twilight Council  
  52  5:03  Probe  
  50  5:19  Adept x2  
  51  5:24  Probe  
  47  5:40  Adept, Probe x2  
  47  5:41  Adept  
  51  5:48  Resonating Glaives  
  49  5:52  Probe x2  
  51  6:04  Stalker x2, Probe x2  
  57  6:16  Probe x2  
  55  6:28  Probe x2  
  55  6:29  Immortal  
  55  6:31  Stalker  
  62  6:38  Pylon  
  62  6:53  Stalker x2  
  62  6:56  Probe x2  
  62  7:06  Adept x2  
  62  7:08  Probe  
  65  7:10  Gateway  
  65  7:11  Gateway  
  65  7:14  Gateway  
  65  7:15  Gateway  
  65  7:20  Probe  
  65  7:21  Probe  
  67  7:23  Pylon  
  67  7:30  Sentry  
  67  7:33  Pylon  
  69  7:41  Adept  
  71  7:46  Assimilator  
  71  7:48  Pylon  
  71  7:58  Adept  
  73  8:02  Adept  
  73  8:05  Adept x2  
  77  8:09  Adept x2  
  77  8:11  Pylon  
  83  8:25  Probe  
  83  8:26  Charge, Probe  
  81  8:30  Stargate  
  81  8:37  Immortal  
  85  8:49  Assimilator  
  73  9:00  Stalker x3, Nexus  
  79  9:09  Phoenix  
  59  9:34  Adept x6  
Tags
 
Add a new tag
Caveats
  • Supply blocks, unpowered buildings, or Contaminate may cause inaccurate times.
  • Supply counts are checked every 10 seconds.